 Dungeon Crawl Stone Soup version 0.28.0-53-g5a82cb258f (webtiles) character file.

Game seed: 5472470358238192334

2296 Zeld the Frost Mage (level 9, 0/55 (57) HPs)
             Began as a Merfolk Ice Elementalist on May 20, 2022.
             Was a Follower of Vehumet.
             Succumbed to a wight's poison
             ... on level 7 of the Dungeon.
             The game lasted 00:13:22 (13572 turns).

Zeld the Frost Mage (Merfolk Ice Elementalist)     Turns: 13572, Time: 00:13:23

HP:   0/55 (57)     AC:  5    Str:  8    XL:     9   Next: 40%
MP:   20/20         EV: 15    Int: 19    God:    Vehumet [*.....]
Gold: 1260          SH:  0    Dex: 14    Spells: 11/22 levels left

rFire   . . .      SeeInvis .   i - +4 hand axe (flame)
rCold   . . .      Faith    .   (no shield)
rNeg    . . .      Spirit   .   b - +0 robe
rPois   .          Reflect  .   (no helmet)
rElec   .          Harm     .   (no cloak)
rCorr   .          Rampage  .   (no gloves)
Will    +....                   p - +2 pair of boots
Stlth   ++........              n - amulet of magic regeneration
HPRegen 0.18/turn               u - ring of wizardry
MPRegen 0.57/turn               k - ring of willpower

@: lethally poisoned (0 -> -5), lightly drained
A: (nimble swimmer 2), mertail
a: Renounce Religion


You were on level 7 of the Dungeon.
You worshipped Vehumet.
Vehumet was aware of your devotion.
You visited 2 branches of the dungeon, and saw 9 of its levels.

You collected 1353 gold pieces.
You spent 93 gold pieces at shops.

Inventory:

Hand Weapons
 a - a +1 halberd of protection
 i - a +4 hand axe of flaming (weapon)
Armour
 b - a +0 robe (worn)
 p - a +2 pair of boots (worn)
Jewellery
 k - a ring of willpower (right hand)
 m - a +4 ring of evasion
 n - an amulet of magic regeneration (around neck)
 u - a ring of wizardry (left hand)
Scrolls
 d - 5 scrolls of enchant armour
 e - a scroll of amnesia
 j - 2 scrolls of magic mapping
 q - a scroll of summoning
 r - 2 scrolls of teleportation
 t - a scroll of blinking {unknown}
Potions
 c - a potion of degeneration {unknown}
 f - 2 potions of heal wounds {unknown}
 g - 3 potions of curing
 h - a potion of ambrosia {unknown}
 o - a potion of cancellation {unknown}


   Skills:
 + Level 7.6 Dodging
 - Level 2.1 Stealth
 * Level 7.4 Spellcasting
 * Level 9.6 Ice Magic


You had 11 spell levels left.
You knew the following spells:

 Your Spells              Type           Power      Damage    Failure   Level
a - Freeze                Ice            100%       1d11      1%          1
b - Frozen Ramparts       Ice            86%        1d10      1%          3
c - Ozocubu's Armour      Ice            43%        N/A       1%          3
d - Hailstorm             Conj/Ice       25%        3d7       5%          4

Your spell library contained the following spells:

 Spells                   Type           Power      Damage    Failure   Level
 Sandblast                Erth           14%        2d6       4%          1
 Animate Skeleton         Necr           14%        N/A       4%          1
 Apportation              Tloc           14%        N/A       4%          1
 Summon Small Mammal      Summ           28%        N/A       4%          1
 Call Canine Familiar     Summ           7%         N/A       12%         3
 Gell's Gravitas          Tloc           7%         N/A       12%         3
 Inner Flame              Hex/Fire       7%         N/A       12%         3
 Lesser Beckoning         Tloc           7%         N/A       12%         3
 Portal Projectile        Hex/Tloc       14%        N/A       12%         3
 Teleport Other           Tloc           7%         N/A       12%         3
 Cause Fear               Hex            3%         N/A       34%         4
 Leda's Liquefaction      Hex/Erth       3%         N/A       34%         4
 Ozocubu's Refrigeration  Ice            21%        4d9       50%         7
 Alistair's Intoxication  Tmut/Pois      4%         N/A       69%         5
 Discord                  Hex            3%         N/A       100%        8


Dungeon Overview and Level Annotations

Branches:
Dungeon (8/15)             Temple (1/1) D:4
   Lair: D:8-11

Altars:
Ashenzari
Cheibriados
Dithmenos
Elyvilon
Fedhas
Gozag
Hepliaklqana
Kikubaaqudgha
Makhleb
Nemelex Xobeh
Okawaru
Qazlal
Ru
Sif Muna
Trog
Uskayaw
Vehumet
Wu Jian
Xom
Yredelemnul
Zin
The Shining One

Shops:
D:2 *

Annotations:
D:4 3 runed translucent doors, bnorton916's ghost, novice DEFE
D:7 1 runed translucent door, Crazy Yiuf


Innate Abilities, Weirdness & Mutations

((You are very nimble when in or above water. (Stealth+, EV+, Speed+++)))
Your lower body shifts to a powerful aquatic tail in water.


Message History

A cannonade of hail descends around you!
The hail pelts the wight.
The wight partially resists.
The wight is almost destroyed.
The wight throws a poisoned dart.
The poisoned dart completely misses you.
Unknown command.
The wight throws a poisoned dart.
The poisoned dart hits you!
You are poisoned.
You feel very sick.
You feel sick.
You feel sick.
You feel sick.
You feel sick.
You feel sick.
You feel sick.
You feel sick.
You are no longer poisoned.
You see here a +0 spear of flaming.
The wight throws a poisoned dart.
The poisoned dart hits you!
You are poisoned.
Casting: Hailstorm (dangerous; 5% risk of failure)
Confirm with . or Enter, or press ? or * to list all spells.
You can't see any susceptible monsters within range! (Use Z to cast anyway.) Unknown command.
* * * LOW HITPOINT WARNING * * *
You feel very sick.
The wight throws a poisoned dart.
The poisoned dart closely misses you.
You feel sick.
You feel sick.
You feel sick.
You feel sick.
You feel sick.
You feel sick.
You feel sick.
You are no longer poisoned.
The wight throws a poisoned dart.
The poisoned dart hits you!
You are lethally poisoned!
* * * LOW HITPOINT WARNING * * *
You feel sick.
You die...

.................................
....###.######.....z##...)##.....
##### #.# #.....#.##..##.#....
#.# #....#.#)####.#.#... #.#
#....##.#....#.##... #.#
##...#.##......##.#.. #.#
#...#.#..........#.#. ...
#...##............##. #.#
#..#@...............#
#.###....................
.............#####.######
.#####.#.##<# #....... #.#.##.#
####...# #.#.##.# ####...#
#...##.# #....... #..###.#
#....... #..###.# #.......


There were no monsters in sight!

Vanquished Creatures
  A steam dragon (D:4)
  A water moccasin (D:6)
  A sky beast (D:6)
  An orc warrior (D:8)
  A black bear (D:3)
  2 ogres
  A necrophage (D:5)
  A centaur (D:7)
  A kobold brigand (D:8)
  A scorpion (D:5)
  A gnoll sergeant (D:8)
  4 wights
  4 howler monkeys
  A centaur zombie (D:8)
  2 bullfrog zombies
  2 jellies
  A hound (D:5)
  6 orc priests
  A centaur skeleton (D:6)
  4 bullfrog skeletons
  5 orc wizards
  2 hound skeletons
  A howler monkey zombie (D:5)
  A howler monkey skeleton (D:5)
  6 adders
  11 gnolls
  A shadow imp (D:5)
  A white imp (D:5)
  A worm (D:3)
  2 dart slugs
  18 orcs
  6 endoplasms
  A giant cockroach (D:1)
  7 goblins
  2 hobgoblins
  2 jackals (D:3)
  12 kobolds
  A quokka (D:1)
  4 ball pythons
  3 bats
  A frilled lizard (D:3)
  7 rats (D:1)
132 creatures vanquished.

Vanquished Creatures (others)
  An orc (D:7)
1 creature vanquished.

Grand Total: 133 creatures vanquished

Notes
Turn   | Place    | Note
-------+----------+-------------------------------------------
     0 | D:1      | Zeld the Merfolk Ice Elementalist began the quest for the
                  | Orb.
     0 | D:1      | Reached XP level 1. HP: 13/13 MP: 3/3
   197 | D:1      | Reached XP level 2. HP: 15/19 MP: 1/5
  1072 | D:1      | Reached XP level 3. HP: 24/24 MP: 6/6
  1076 | D:1      | Learned a level 3 spell: Frozen Ramparts
  1080 | D:1      | Learned a level 3 spell: Ozocubu's Armour
  1630 | D:2      | Found Tumyceucs's General Store.
  1638 | D:2      | Bought a scroll of identify for 22 gold pieces
  2045 | D:2      | Found a burning altar of Makhleb.
  2390 | D:2      | Found a faded altar of an unknown god.
  2430 | D:2      | Reached skill level 5 in Ice Magic
  2601 | D:2      | Bought a potion of curing for 33 gold pieces
  2905 | D:3      | Reached XP level 4. HP: 17/30 MP: 4/8
  3187 | D:3      | Reached XP level 5. HP: 32/35 MP: 6/9
  3296 | D:3      | Noticed a black bear
  3303 | D:3      | Killed a black bear
  3644 | D:3      | Learned a level 4 spell: Hailstorm
  3824 | D:3      | Found a glowing golden altar of the Shining One.
  3863 | D:3      | Noticed an ogre
  3871 | D:3      | Killed an ogre
  3872 | D:3      | Reached skill level 6 in Ice Magic
  3872 | D:3      | Reached XP level 6. HP: 26/41 MP: 0/12
  4484 | D:4      | HP: 2/41 [acid (10)]
  4863 | D:4      | Noticed a steam dragon
  5149 | D:4      | Found a runed translucent gate.
  5149 | D:4      | Found a runed translucent gate.
  5149 | D:4      | Found a runed translucent gate.
  5150 | D:4      | Noticed bnorton916's ghost (novice DEFE)
  5450 | D:4      | Reached XP level 7. HP: 46/46 MP: 9/13
  5459 | D:4      | Reached skill level 5 in Dodging
  5461 | D:4      | Killed a steam dragon
  5462 | D:4      | Reached skill level 7 in Ice Magic
  5481 | D:4      | HP: 2/46 [bullfrog skeleton (3)]
  5482 | D:5      | Entered Level 5 of the Dungeon
  5996 | D:4      | Reached skill level 5 in Spellcasting
  6253 | D:4      | Found a staircase to the Ecumenical Temple.
  6330 | Temple   | Entered the Ecumenical Temple
  6476 | Temple   | Became a worshipper of Vehumet
  7435 | D:5      | Reached XP level 8. HP: 35/52 MP: 14/16
  8284 | D:6      | Reached skill level 8 in Ice Magic
  9277 | D:3      | Identified a scroll of acquirement
  9284 | D:3      | Acquired 986 gold pieces
  9466 | D:2      | Bought a scroll of amnesia for 38 gold pieces
 10675 | D:6      | Reached XP level 9. HP: 31/57 MP: 8/19
 10826 | D:6      | Reached skill level 9 in Ice Magic
 11993 | D:7      | Reached * piety under Vehumet
 11993 | D:7      | Offered knowledge of Sandblast by Vehumet.
 12214 | D:7      | Found a runed translucent door.
 12215 | D:7      | Noticed Crazy Yiuf
 13571 | D:7      | HP: 1/55 [poisoned by a wight]
 13572 | D:7      | Succumbed to a wight's poison

Illustrated notes

Levels and vault maps discovered:
D:1:      dpeg_arrival_subterranean_lakeside_camping, layout_basic
D:2:      layout_basic, shapermc_ecumenical_altar_mp_vishouse, basic_altar,
          serial_shops, shop
D:3:      layout_loops_ring, general_overflow_altar, serial_aquarium,
          aquarium_bridge_straight [aquarium_subvault_bridge,
          aquarium_subvault_wall, aquarium_subvault_bridge,
          aquarium_subvault_wall], aquarium_bridge_square
          [aquarium_subvault_bridge, aquarium_subvault_wall,
          aquarium_subvault_balcony, aquarium_subvault_bridge],
          aquarium_window_1, aquarium_window_corridor_2, aquarium_view_4,
          aquarium_pool_split, chequers_garden, dk_noncrumbling_4
D:4:      layout_rooms, minmay_temple_entry_glassed_door,
          gammafunk_ghost_necromancy, kennysheep_generic_room_6
D:5:      layout_loops_ring, minivault_24
D:6:      layout_loops_ring
D:7:      layout_loops_corners, minmay_misc_feat_secret_circle,
          amethyst_killhole, uniq_crazy_yiuf_cottage
D:8:      layout_layer_cave, hex_large, uniq_maggie, uniq_harold
Temple:   minmay_crystal_snake_temple

Skill      XL: |  1  2  3  4  5  6  7  8  9 |
---------------+----------------------------+-----
Dodging        | 3 4 5 6 7 |  7.6
Ice Magic      | 5 6 7 8 9 |  9.6
Spellcasting   | 3 4 5 6 7 |  7.4
Stealth        | |  2.1

Action                   |  1- 3 |  4- 6 |  7- 9 || total
-------------------------+-------+-------+-------++-------
Melee: Dagger            |    42 |    37 |   242 ||   321
       Punch             |       |     3 |     7 ||    10
       Hand axe          |       |       |    62 ||    62
 Cast: Freeze            |    48 |    28 |    61 ||   137
       Frozen Ramparts   |       |     8 |    16 ||    24
       Ozocubu's Armour  |       |     1 |     3 ||     4
       Hailstorm         |       |       |     4 ||     4
  Use: Scroll            |       |       |    14 ||    14
 Stab: Sleeping          |     1 |     1 |     2 ||     4
Armor: Robe              |    10 |    10 |    76 ||    96
Dodge: Dodged            |    46 |    52 |   310 ||   408
